 Dungeon Crawl Stone Soup version 0.30-a0-718-geaa24f58ff (webtiles) character file.

Game seed: 16831604302986166517

459 pokeman the Magician (level 6, 0/35 HPs)
             Began as a Deep Elf Hedge Wizard on Jan 25, 2023.
             Slain by Sigmund
             ... wielding a +0 scythe
              (2 damage)
             ... on level 4 of the Dungeon.
             The game lasted 00:07:17 (3653 turns).

pokeman the Magician (Deep Elf Hedge Wizard)        Turns: 3653, Time: 00:07:18

Health: 0/35       AC:  2    Str:  7    XL:     6   Next: 78%
Magic:  18/18      EV: 13    Int: 21    God:
Gold:   203        SH:  0    Dex: 14    Spells: 11/19 levels left

rFire   . . .      SeeInvis .    y - +2 hand axe (flame)
rCold   . . .      Faith    .    (no shield)
rNeg    . . .      Spirit   .    b - +0 robe
rPois   .          Reflect  .    c - +0 hat
rElec   .          Harm     .    (no cloak)
rCorr   +          Rampage  .    (no gloves)
Will    .....                    (no boots)
Stlth   +                        (no amulet)
HPRegen 0.25/turn                h - ring of resist corrosion
MPRegen 0.16/turn                (no ring)

@: confused
A: no striking features
a: no special abilities


You were on level 4 of the Dungeon.
You visited 1 branch of the dungeon, and saw 4 of its levels.

You collected 203 gold pieces.

Inventory:

Hand Weapons
 s - a +2 sling of freezing
 y - a +2 hand axe of flaming (weapon)
Missiles
 e - 6 curare-tipped darts
Armour
 b - a +0 robe (worn)
 c - a +0 hat (worn)
 m - a +0 scale mail of cold resistance
Jewellery
 h - a ring of resist corrosion (left hand)
 t - a ring of ice
Scrolls
 a - 4 scrolls of teleportation {unknown}
 g - 2 scrolls of amnesia {unknown}
 l - 3 scrolls of blinking {unknown}
 n - a scroll of poison {unknown}
 o - 2 scrolls of fear {unknown}
 p - a scroll of magic mapping {unknown}
 q - a scroll of enchant armour {unknown}
 r - 4 scrolls of identify {unknown}
 w - a scroll of noise {unknown}
Potions
 d - a potion of magic
 f - 2 potions of heal wounds {unknown}
 i - 3 potions of brilliance {unknown}
 j - a potion of cancellation {unknown}
 k - a potion of mutation {unknown}
 u - a potion of might {unknown}
 v - a potion of berserk rage {unknown}
 x - a potion of degeneration {unknown}


   Skills:
 + Level 1.7 Fighting
 - Level 1.0 Armour
 - Level 3.1 Dodging
 - Level 3.0 Stealth
 * Level 7.4 Spellcasting
 + Level 3.4 Conjurations
 + Level 1.9 Summonings
 - Level 1.1 Translocations
 - Level 1.0 Air Magic
 - Level 1.1 Poison Magic


You had 11 spell levels left.
You knew the following spells:

 Your Spells              Type           Power      Damage    Failure   Level
a - Magic Dart            Conj           88%        1d7       1%          1
b - Mephitic Cloud        Conj/Pois/Air  15%        N/A       12%         3
c - Call Imp              Summ           15%        N/A       6%          2
d - Blink                 Tloc           24%        N/A       9%          2

Your spell library contained the following spells:

 Spells                   Type           Power      Damage    Failure   Level
 Slow                     Hex            28%        N/A       9%          1
 Cigotuvi's Dreadful Rot  Necr/Pois/Air  20%        N/A       10%         2
 Ozocubu's Armour         Ice            7%         N/A       26%         3
 Metabolic Englaciation   Hex/Ice        3%         N/A       93%         5
 Simulacrum               Ice/Necr       3%         N/A       100%        6
 Ozocubu's Refrigeration  Ice            3%         4d8       100%        7
 Chain Lightning          Conj/Air       8%         3d11      100%        9
 Fire Storm               Conj/Fire      7%         8d2       100%        9
 Shatter                  Erth           3%         3d7*      100%        9


Dungeon Overview and Level Annotations

Branches:
Dungeon (4/15)
 Temple: D:4-7

Altars:

Annotations:
D:4 Sigmund


Message History

Okay, then.
Unknown command.
Sigmund shouts!
Sigmund mumbles some strange words.
Sigmund flickers and vanishes!
Deactivating autopickup; reactivate with Ctrl-A.
Casting: Magic Dart (safe; 1% risk of failure)
Confirm with . or Enter, or press ? or * to list all spells.
You can't see any susceptible monsters within range! (Use Z to cast anyway.)
There is a strange disturbance nearby!
Casting: Magic Dart (safe; 1% risk of failure)
Confirm with . or Enter, or press ? or * to list all spells.
The spell is quite dangerous to miscast (12% risk of failure)!
Continue anyway?
Aiming: Mephitic Cloud (quite dangerous; 12% risk of failure)
Press: ? - help, Shift-Dir - straight line The ball explodes into a vile cloud!
The stinking cloud engulfs something but does no damage.
Something laughs crazily.
You hit something. You burn something. Something hits you.
You miss something.
You hear some strange, mumbled words.
A puff of flame appears from out of thin air!
The puff of flame hits you!
You hit something. You burn something. Something hits you.
You miss something. You punch something. Something barely misses you.
You miss something.
You hear some strange, mumbled words.
Something tries to affect you, but you resist.
You barely miss something.
You hear some strange, mumbled words.
You are confused.
Something hits you!
You hear some strange, mumbled words.
You are more confused.
You bump into the rock wall.
Something hits you!
* * * LOW HITPOINT WARNING * * *
You're too confused to move!
Something barely misses you.
You bump into the rock wall.
Something hits you.
You die...

.......####.####..### #
.........#...# #..#
.........[...##...#
............#.#...#
......#...........#
#.....##.##..#.#.. ##
#..##........### .#
..####.##......######.##
.. #.####.....@......#
#. ..# #.............#
.. ..........{....## ..
####............##
#......##......#
##....##......##
#....##....<.#
##..........##
...........##


There were no monsters in sight!

Vanquished Creatures
  A phantom (D:4)
  A scorpion (D:4)
  A necrophage (D:4)
  A howler monkey (D:4)
  A hound (D:4)
  5 adders
  2 worms (D:2)
  A dart slug (D:1)
  2 orcs
  10 ball pythons
  6 endoplasms
  6 giant cockroaches
  14 goblins
  4 hobgoblins
  4 quokkas
  7 bats
  5 frilled lizards
  9 kobolds
  6 rats
86 creatures vanquished.

Vanquished Creatures (collateral kills)
  A necrophage (D:4)
1 creature vanquished.

Vanquished Creatures (others)
  7 demonic plants (D:2)
  4 fungi (D:2)
  14 plants (D:2)
  3 withered plants (D:2)
28 creatures vanquished.

Grand Total: 115 creatures vanquished

Notes
Turn   | Place    | Note
-------+----------+-------------------------------------------
     0 | D:1      | pokeman the Deep Elf Hedge Wizard began the quest for the
                  | Orb.
     0 | D:1      | Reached XP level 1. HP: 10/10 MP: 7/7
   192 | D:1      | Reached XP level 2. HP: 16/16 MP: 5/9
   548 | D:1      | Reached skill level 5 in Spellcasting
   766 | D:1      | Reached XP level 3. HP: 18/20 MP: 5/11
   770 | D:1      | Learned a level 3 spell: Mephitic Cloud
   773 | D:1      | Learned a level 2 spell: Call Imp
   776 | D:1      | Learned a level 2 spell: Blink
  1112 | D:2      | Reached skill level 1 in Armour
  1172 | D:2      | Reached skill level 1 in Fighting
  1507 | D:2      | Reached XP level 4. HP: 25/25 MP: 5/13
  1659 | D:2      | Found a faded altar of an unknown god.
  3103 | D:4      | Noticed a necrophage
  3114 | D:4      | Killed a necrophage
  3115 | D:4      | Reached skill level 6 in Spellcasting
  3115 | D:4      | Reached XP level 5. HP: 23/29 MP: 8/15
  3176 | D:4      | Reached skill level 1 in Air Magic
  3258 | D:4      | Reached skill level 1 in Poison Magic
  3258 | D:4      | Reached XP level 6. HP: 34/34 MP: 7/17
  3449 | D:4      | Reached skill level 7 in Spellcasting
  3632 | D:4      | Noticed Sigmund
  3647 | D:4      | HP: 1/35 [something (11)]
  3653 | D:4      | Slain by Sigmund

Illustrated notes

Levels and vault maps discovered:
D:1:      dpeg_arrival_more_subterranean_lakeside_camping, layout_rooms
D:2:      minmay_chambers_of_twos, layout_rooms, shapermc_ecumenical_altar_gd,
          guppyfry_early_lair_pool
D:3:      layout_loops_corners
D:4:      layout_cave_pools, uniq_sigmund

Skill      XL: |  1  2  3  4  5  6 |
---------------+-------------------+-----
Spellcasting   | 5 6 7 |  7.4
Armour         | 1 |  1.0
Conjurations   | 2 3 |  3.4
Fighting       | 1 |  1.7
Stealth        | 3 |  3.0
Dodging        | 3 |  3.1
Air Magic      | 1 |  1.0
Poison Magic   | 1 |  1.1
Summonings     | |  1.9
Translocations | |  1.1

Action                     |  1- 3 |  4- 6 || total
---------------------------+-------+-------++-------
  Melee: Dagger            |     8 |       ||     8
         Short sword       |    16 |    23 ||    39
         Hand axe          |       |     7 ||     7
         Punch             |       |     1 ||     1
   Cast: Magic Dart        |    91 |   118 ||   209
         Mephitic Cloud    |     2 |     2 ||     4
         Call Imp          |       |     3 ||     3
   Stab: Confused          |     5 |     2 ||     7
 Armour: Robe              |    15 |     5 ||    20
  Dodge: Dodged            |    23 |    14 ||    37

Table legend: (Time is in decaauts)
 A = Elapsed time spent in this place.
 B = Non-inter-level travel time spent in this place.
 C = Inter-level travel time spent in this place.
 D = Time resting spent in this place.
 E = Time spent auto-exploring this place.
 F = Levels seen in this place.
 G = Mean time per level.
                   A        B        C        D        E       F      G
               +--------+--------+--------+--------+--------+-----+--------+
         Total |   3654 |   3583 |     71 |     44 |   3043 |   4 |  913.5 |
       Dungeon |   3654 |   3583 |     71 |     44 |   3043 |   4 |  913.5 |
               +--------+--------+--------+--------+--------+-----+--------+

Top non-repeatable levels by time:
     D:3: 1137 daAuts
     D:2: 968 daAuts
     D:1: 933 daAuts
     D:4: 615 daAuts
